 Dungeon Crawl Stone Soup version 0.30-a0-1074-g5db6f66fbb (webtiles) character file.

Game seed: 15549142770455337693

309 MachoJfn the Insei (level 6, 0/43 HPs)
             Began as a Djinni Transmuter on Apr 12, 2023.
             Slain by an orc
             ... wielding a +0 whip
              (2 damage)
             ... while paralysed by Grinder
             ... on level 5 of the Dungeon on Apr 13, 2023.
             The game lasted 00:17:22 (4580 turns).

MachoJfn the Insei (Djinni Transmuter)              Turns: 4580, Time: 00:17:24

Health: 0/43       AC:  2    Str:  9    XL:     6   Next: 69%
Gold:   186        EV:  5    Int: 17    God:
                   SH:  0    Dex: 24

rFire   + . .      SeeInvis +      - Unarmed
rCold   . . .      Faith    .    (shield currently unavailable)
rNeg    . . .      Spirit   .    A - melded +1 robe {Archmagi}
rPois   ∞          Reflect  .    (helmet currently unavailable)
rElec   .          Rampage  .    o - melded +2 cloak "Xuudapey" {Int+3 Dex+4}
rCorr   .                        j - melded +0 pair of gloves
Will    .....                    (boots unavailable)
Stlth   ++                       (no amulet)
HPRegen 1.07/turn                d - +6 ring of dexterity
MPRegen 0.00/turn                h - ring of protection from fire

@: paralysed, spider-form, flying
A: venomous fangs, flying, sickness immunity, tiny, (fire resistance 2), (cold
vulnerability 1), float, innate caster, HP casting, extra vitality 1, see
invisible, regeneration 1
a: End Transformation


You were on level 5 of the Dungeon.
You were a venomous arachnid creature.
You visited 1 branch of the dungeon, and saw 5 of its levels.

You collected 186 gold pieces.

Inventory:

Hand Weapons
 e - a +1 vampiric dagger
 k - a +2 dagger of flaming
Missiles
 g - 6 poisoned darts
 i - 46 stones (quivered)
Armour
 j - a +0 pair of gloves (melded)
 o - the +2 cloak "Xuudapey" (melded) {Int+3 Dex+4}
   (You acquired it on level 3 of the Dungeon)

   Int:       It affects your intelligence (+3).
   Dex:       It affects your dexterity (+4).
 A - a +1 robe of the Archmagi (melded)
Magical Staves
 l - a staff of poison
Jewellery
 d - a +6 ring of dexterity (left front pincers)
 h - a ring of protection from fire (right front pincers)
Scrolls
 c - 2 scrolls of enchant weapon
 p - 2 scrolls of identify
 q - a scroll of noise
 r - a scroll of immolation {unknown}
 t - a scroll of poison {unknown}
 v - a scroll of magic mapping {unknown}
 w - a scroll of amnesia {unknown}
 x - a scroll of fog
 y - a scroll of brand weapon {unknown}
Potions
 b - 2 potions of lignification
 f - 2 potions of haste
 n - 2 potions of curing
 s - 2 potions of might
 u - a potion of flight {unknown}
 z - a potion of experience {unknown}


   Skills:
 + Level 1.7 Fighting
 + Level 3.4 Dodging
 + Level 0.8 Stealth
 + Level 5.2 Unarmed Combat
 + Level 2.9 Spellcasting


You knew the following spells:

 Your Spells              Type           Power      Damage    Failure   Level
a - Beastly Appendage     Tmut           24%        N/A       16%         1
b - Wereblood             Tmut           12%        N/A       22%         2
c - Spider Form           Tmut/Pois      12%        N/A       34%         3
d - Ice Form              Ice/Tmut       12%        N/A       69%         4
e - Slow                  Hex            48%        N/A       16%         1
f - Call Imp              Summ           24%        N/A       22%         2
Your spell library was empty.

Dungeon Overview and Level Annotations

Branches:
Dungeon (5/15)
 Temple: D:4-7

Altars:
Ashenzari
Ru

Shops:
D:3 [

Annotations:
D:5 Grinder


Innate Abilities, Weirdness & Mutations

You are a venomous arachnid creature.
You have venomous fangs.
You are tiny and dextrous.
You are flying.
Your spellcasting is less reliable in this form.
Your armour is entirely melded.
You are incapable of wielding weapons or throwing items.
You are immune to sickness and miasma.
You are immune to poison.
((Your flesh is very heat resistant. (rF++)))
((You are vulnerable to cold. (rC-)))
You float through the air rather than walking.
You learn spells naturally, not from books.
Your magical power is your life essence.
You have superior vitality. (+4 MHP)
You have supernaturally acute eyesight. (SInv)
Your natural rate of healing is unusually fast.


Message History

Grinder hits you.
You writhe in agony.
The orc shouts!
You hit Grinder.
Grinder is moderately wounded.
You hear a shout! x2
An orc comes into view. It is wielding a +0 whip.
Grinder says, "Are you a fish?" Grinder hits you but does no damage.
The orc shouts!
You hit Grinder but do no damage.
Grinder is moderately wounded.
Grinder barely misses you.
You hit Grinder.
Grinder is heavily wounded.
An orc comes into view. It is wielding a +0 club.
Grinder closely misses you.
You hit Grinder but do no damage.
Grinder is heavily wounded.
Grinder barely misses you.
You bite Grinder!
Grinder is severely wounded.
The orc closely misses you. Grinder gestures at you.
You suddenly lose the ability to move!
The orc hits you with a +0 club. Grinder hits you!
An orc comes into view. It is wielding a +0 whip.
The ice beast hits you but does no damage.
The orc hits you but does no damage. Grinder hits you!
You writhe in agony.
An orc comes into view. It is wielding a +0 short sword.
The ice beast hits you. The ice beast freezes you!
The orc hits you with a +0 club. Grinder hits you.
* * * LOW HITPOINT WARNING * * *
The ice beast hits you.
* * * LOW HITPOINT WARNING * * *
The ice beast freezes you!
* * * LOW HITPOINT WARNING * * *
The orc hits you with a +0 club.
* * * LOW HITPOINT WARNING * * *
The orc hits you with a +0 whip.
You die...

.# .# . #.##
##.# #..#
###..#
##..##.....##
##...#........
#....Y........
#..os5.....#
≈≈..#..oo######
. #<...#
###......
###..... o####
o# .#


You could see Grinder, an ice beast and 5 orcs.

Vanquished Creatures
  Blork the orc (D:4)
  A hound (D:4)
  An iguana (D:4)
  Robin (D:4)
  3 gnolls (D:4)
  3 adders
  A worm (D:3)
  2 dart slugs
  9 orcs
  8 bats
  7 endoplasms
  3 giant cockroaches
  17 goblins
  16 hobgoblins
  2 jackals (D:1)
  A quokka (D:4)
  8 ball pythons
  2 frilled lizards
  8 kobolds
  5 rats
99 creatures vanquished.

Notes
Turn   | Place    | Note
-------+----------+-------------------------------------------
     0 | D:1      | MachoJfn the Djinni Transmuter began the quest for the Orb.
     0 | D:1      | MachoJfn set off with the following spells memorised:
                  | Beastly Appendage, Wereblood, Spider Form, Ice Form.
     0 | D:1      | Reached XP level 1. HP: 17/17 MP: 0/0
   145 | D:1      | Reached XP level 2. HP: 9/22 MP: 0/0
   413 | D:1      | Reached XP level 3. HP: 11/27 MP: 0/0
   413 | D:1      | Learned a level 1 spell: Slow
   693 | D:1      | Upgraded the game from 0.30-a0-1066-g63dfefce0d to
                  | 0.30-a0-1074-g5db6f66fbb
  1336 | D:1      | Gained mutation: You are partially covered in iridescent
                  | scales. (AC +2) [potion of mutation]
  1336 | D:1      | Gained mutation: You have a pair of small horns on your
                  | head. [potion of mutation]
  1621 | D:2      | Lost mutation: You have a pair of small horns on your head.
                  | [potion of mutation]
  1621 | D:2      | Lost mutation: You are partially covered in iridescent
                  | scales. (AC +2) [potion of mutation]
  1621 | D:2      | Gained mutation: You have supernaturally acute eyesight.
                  | (SInv) [potion of mutation]
  1621 | D:2      | Gained mutation: Your natural rate of healing is unusually
                  | fast. [potion of mutation]
  2004 | D:2      | Reached XP level 4. HP: 32/32 MP: 0/0
  2386 | D:2      | Reached skill level 4 in Unarmed Combat
  2914 | D:3      | Identified a scroll of acquirement
  2914 | D:3      | Acquired the +2 cloak "Xuudapey" {Int+3 Dex+4}
  3169 | D:3      | Reached XP level 5. HP: 37/37 MP: 0/0
  3169 | D:3      | Learned a level 2 spell: Call Imp
  3199 | D:3      | Found Lod Hod's Armour Shoppe.
  3667 | D:4      | Found a broken altar of Ashenzari.
  3695 | D:4      | Found a sacrificial altar of Ru.
  3746 | D:4      | Reached XP level 6. HP: 41/42 MP: 0/0
  3963 | D:4      | Noticed Robin
  3980 | D:4      | Killed Robin
  4061 | D:4      | Noticed Blork the orc
  4072 | D:4      | Killed Blork the orc
  4073 | D:4      | Reached skill level 5 in Unarmed Combat
  4566 | D:5      | Entered Level 5 of the Dungeon
  4566 | D:5      | Noticed Grinder
  4569 | D:5      | Noticed an ice beast
  4576 | D:5      | Paralysed by Grinder for 4 turns
  4580 | D:5      | HP: 2/43 [orc/+0 club (2)]
  4580 | D:5      | Slain by an orc

Illustrated notes

Levels and vault maps discovered:
D:1:      psy_arrival_heroes, layout_basic, feat_on_display
D:2:      layout_loops_ring
D:3:      layout_rooms, serial_shops, nicolae_shop_crystal,
          chequers_serial_rivers_micro_a, minmay_cupped
D:4:      layout_basic, mainiacjoe_overflow_two_lobes, roderic_roman_lattice,
          uniq_blork_the_orc, uniq_robin
D:5:      layout_layer_cave, mainiacjoe_overflow_paths,
          minmay_temple_entry_antechambers, serial_shops, nicolae_shop_trees,
          uniq_eustachio, uniq_grinder

Skill      XL: |  1  2  3  4  5  6 |
---------------+-------------------+-----
Spellcasting   | 2 |  2.9
Unarmed Combat | 4 5 |  5.2
Dodging        | 3 |  3.4
Fighting       | |  1.7
Stealth        | |  0.8

Action                     |  1- 3 |  4- 6 || total
---------------------------+-------+-------++-------
  Melee: Unarmed           |   131 |   189 ||   320
         Headbutt          |    19 |    25 ||    44
         Punch             |     2 |     5 ||     7
  Throw: Stone             |     1 |       ||     1
   Cast: Beastly Appendage |    25 |    24 ||    49
         Wereblood         |     1 |     3 ||     4
         Spider Form       |     1 |     4 ||     5
         Call Imp          |       |     1 ||     1
    Use: Potion            |     6 |     2 ||     8
         Scroll            |     2 |     6 ||     8
   Stab: Sleeping          |       |     1 ||     1
 Armour: Robe              |    25 |    40 ||    65
         Skin              |       |     6 ||     6
  Dodge: Dodged            |   117 |   157 ||   274

Table legend: (Time is in decaauts)
 A = Elapsed time spent in this place.
 B = Non-inter-level travel time spent in this place.
 C = Inter-level travel time spent in this place.
 D = Time resting spent in this place.
 E = Time spent auto-exploring this place.
 F = Levels seen in this place.
 G = Mean time per level.
                   A        B        C        D        E       F      G
               +--------+--------+--------+--------+--------+-----+--------+
         Total |   4553 |   3764 |    789 |   1416 |   1519 |   5 |  910.6 |
       Dungeon |   4553 |   3764 |    789 |   1416 |   1519 |   5 |  910.6 |
               +--------+--------+--------+--------+--------+-----+--------+

Top non-repeatable levels by time:
     D:1: 1603 daAuts
     D:4: 1207 daAuts
     D:2: 980 daAuts
     D:3: 749 daAuts
     D:5: 13 daAuts
